 Dungeon Crawl Stone Soup version 0.21-a0-414-gba8bdf1 (webtiles) character file.

122 HAL9000 the Sneak (level 5, 0/26 HPs)
             Began as a Vine Stalker Assassin on Nov 2, 2017.
             Was an Initiate of Dithmenos.
             Succumbed to a worker ant's poison
             ... on level 4 of the Dungeon.
             The game lasted 00:05:20 (2337 turns).

HAL9000 the Sneak (Vine Stalker Assassin)           Turns: 2337, Time: 00:05:20

Health: 0/26       AC:  4    Str: 14    XL:     5   Next: 6%
Magic:  1/6        EV: 11    Int: 11    God:    Dithmenos [......]
Gold:   103        SH:  4    Dex: 16    Spells: 4/4 levels left

rFire    + . .     SeeInvis .   a - +2 dagger
rCold    x . .     Gourm    .   w - +0 buckler (curse)
rNeg     + . .     Faith    .   c - +0 robe
rPois    .         Spirit   +   h - +0 helmet (curse)
rElec    .         Reflect  .   d - +0 cloak
rCorr    .         Harm     .   (no gloves)
MR       .....                  (no boots)
Stlth    +++.......             l - amulet of regeneration
HPRegen  0.88/turn              z - ring of positive energy
MPRegen  0.10/turn              C - ring of fire

@: lethally poisoned (0 -> -3)
A: fangs 2, regeneration 1, magic shield, antimagic bite, no potion heal 3, rot
immunity
a: Renounce Religion


You were on level 4 of the Dungeon.
You worshipped Dithmenos.
Dithmenos was noncommittal.
You were not hungry.

You visited 1 branch of the dungeon, and saw 4 of its levels.

You collected 103 gold pieces.

Inventory:

Hand Weapons
 a - a +2 dagger (weapon)
 b - a +0 blowgun
Missiles
 e - 8 poisoned needles
 f - 2 curare-tipped needles
Armour
 c - a +0 robe (worn)
 d - a +0 cloak (worn)
 h - a cursed +0 helmet (worn)
 w - a cursed +0 buckler (worn)
Jewellery
 l - an amulet of regeneration (around neck)
 z - a ring of positive energy (left hand)
 B - an uncursed ring of ice
 C - a ring of fire (right hand)
Scrolls
 j - a scroll of random uselessness {unknown}
 k - 3 scrolls of identify {unknown}
 m - 2 scrolls of remove curse {unknown}
 q - a scroll of enchant armour {unknown}
 s - 2 scrolls of amnesia {unknown}
 y - a scroll of noise {unknown}
 A - 2 scrolls of teleportation {unknown}
Potions
 i - 2 potions of flight {unknown}
 r - a potion of berserk rage {unknown}
 u - 3 potions of heal wounds
 v - a potion of magic {unknown}
 D - a potion of brilliance {unknown}
Comestibles
 g - 2 bread rations
 o - 4 fruits
 t - 2 royal jellies


   Skills:
 - Level 1.7 Fighting
 + Level 4.1 Short Blades
 - Level 1.7 Throwing
 - Level 0.7 Dodging
 - Level 4.8 Stealth
 + Level 1.6 Shields


You had 4 spell levels left.
You didn't know any spells.

Dungeon Overview and Level Annotations

Branches:
Dungeon (4/15)
 Temple: D:4-7

Altars:
Dithmenos
Uskayaw


Innate Abilities, Weirdness & Mutations

You have extremely sharp teeth.
Your natural rate of healing is unusually fast.
When hurt, damage is shared between your health and your magic reserves.
Your bite disrupts and absorbs the magic of your enemies.
Potions cannot restore your health.
You are immune to rotting.


Message History

You are more poisoned.
The worker ant poisons you!
You hit the worker ant.
You bite the worker ant, but do no damage.
The worker ant is lightly wounded.
You feel sick. You block the worker ant's attack.
You closely miss the worker ant.
The worker ant is lightly wounded.
The worker ant bites you.
You hit the worker ant but do no damage.
You bite the worker ant, but do no damage.
The worker ant is lightly wounded.
You feel sick. The worker ant bites you!
* * * LOW HITPOINT WARNING * * *
You are lethally poisoned!
The worker ant poisons you!
* * * LOW HITPOINT WARNING * * *
You feel sick.
It was a potion of heal wounds.
That seemed strangely inert.
You die...

###### ### #....#
##########<########....#
.......@a.w.....).......
##########.............#
#########.%...# #†....#
##.##### #.w(.!..
#....... #....(..
#.......


You could see a worker ant and a dart slug.

Vanquished Creatures
  A hound (D:4)
  A howler monkey zombie (D:3)
  3 adders
  An ooze (D:1)
  A worm (D:3)
  2 dart slugs (D:3)
  A leopard gecko (D:3)
  An orc (D:3)
  2 giant cockroaches
  4 goblins
  4 hobgoblins
  2 jackals (D:1)
  2 quokkas
  5 bats
  3 frilled lizards
  6 kobolds
  8 rats
47 creatures vanquished.

Notes
Turn   | Place    | Note
-------+----------+-------------------------------------------
     0 | D:1      | HAL9000 the Vine Stalker Assassin began the quest for the Orb.
     0 | D:1      | Reached XP level 1. HP: 11/11 MP: 2/2
   705 | D:1      | Reached XP level 2. HP: 15/15 MP: 3/3
   924 | D:1      | You fall through a shaft!
  1245 | D:2      | Reached XP level 3. HP: 18/18 MP: 4/4
  1737 | D:3      | Found a shadowy altar of Dithmenos.
  1772 | D:3      | Gained mutation: Your natural rate of healing is unusually fast. [Vine Stalker growth]
  1772 | D:3      | Reached XP level 4. HP: 11/23 MP: 1/5
  1788 | D:3      | Became a worshipper of Dithmenos the Shadowed
  1824 | D:3      | Found a hide-covered altar of Uskayaw.
  2028 | D:3      | Reached skill level 1 in Shields
  2326 | D:4      | Reached XP level 5. HP: 15/26 MP: 2/6
  2335 | D:4      | HP: 1/26 [worker ant (7)]
  2337 | D:4      | Succumbed to a worker ant's poison

Vault maps used:
D:1:      sevenhm_arrival_forest_fort_small_4
D:2:      first_bread
D:3:      grunt_dithmenos_smoke, nicolae_overflow_crystal_walls

Skill      XL: |  1  2  3  4 |
---------------+-------------+-----
Short Blades   | 2 3 4 |  4.1
Shields        | 1 |  1.6
Fighting       | |  1.7
Throwing       | |  1.7
Dodging        | |  0.7
Stealth        | |  4.8

Action                   |  1- 3 |  4- 6 || total
-------------------------+-------+-------++-------
Melee: Dagger            |    85 |    62 ||   147
       Bite              |    19 |    22 ||    41
  Use: Potion            |       |     1 ||     1
 Stab: Sleeping          |     8 |     2 ||    10
  Eat: Chunk             |     2 |     2 ||     4
Armor: Robe              |    18 |    20 ||    38
Dodge: Dodged            |    40 |    36 ||    76
Block: Buckler           |     2 |    16 ||    18

Table legend:
 A = Spawn XP
 B = Non-spawn XP
 C = Spawn XP percentage of total XP
 D = Spawn monster count
 E = Non-spawn monster count
 F = Spawn count percentage of total count
 G = Total turns spent on level
                    A         B        C        D         E        F      G
               +---------+---------+-------+---------+---------+-------+---------
         Total |       0 |     175 |   0.0 |       0 |      47 |   0.0 |  2337
               +---------+---------+-------+---------+---------+-------+---------
           D:1 |       0 |      22 |   0.0 |       0 |      11 |   0.0 |   924
           D:2 |       0 |      48 |   0.0 |       0 |      17 |   0.0 |   763
           D:3 |       0 |      52 |   0.0 |       0 |      17 |   0.0 |   607
           D:4 |       0 |      53 |   0.0 |       0 |       2 |   0.0 |    43
               +---------+---------+-------+---------+---------+-------+---------
